 Dungeon Crawl Stone Soup version 0.30.1 (webtiles) character file.

Game seed: 16404314683523664772

96 boopmooplesden the Twirler (level 4, 0/33 HPs)
             Began as a Demonspawn Gladiator on July 11, 2023.
             Slain by an iguana (9 damage)
             ... on level 3 of the Dungeon.
             The game lasted 00:02:40 (1700 turns).

boopmooplesden the Twirler (Demonspawn Gladiator)   Turns: 1700, Time: 00:02:41

Health: 0/33       AC:  6    Str: 16    XL:     4   Next: 41%
Magic:  4/4        EV: 11    Int:  9    God:
Gold:   180        SH:  0    Dex: 15    Spells: 3/3 levels left

rFire   . . .        a - +0 quarterstaff
rCold   . . .        (shield currently unavailable)
rNeg    . . .        f - +0 ring mail
rPois   .            c - +0 helmet
rElec   .            (no cloak)
rCorr   .            (no gloves)
SInv    .            (no boots)
Will    .....        (no amulet)
Stlth   +            (no ring)
HPRegen 0.25/turn    (no ring)
MPRegen 0.09/turn

%: no passive effects
@: no status effects
A: hooves 1, powered by death 1
a: no special abilities


You were on level 3 of the Dungeon.
You visited 1 branch of the dungeon, and saw 3 of its levels.

You collected 180 gold pieces.

Inventory:

Hand Weapons
 a - a +0 quarterstaff (weapon)
 o - the +1 mace of Ignis's Fury {spect, rF+ MP+9}
   (You found it on level 2 of the Dungeon)

   rF:        It protects you from fire.
   MP:        It affects your magic capacity (+9).
Missiles
 d - a throwing net (quivered)
 e - a javelin
Armour
 b - a +0 leather armour
 c - a +0 helmet (worn)
 f - a +0 ring mail (worn)
 g - a +0 helmet
Jewellery
 k - an amulet of magic regeneration
Scrolls
 n - a scroll of identify
 r - a scroll of teleportation
Potions
 h - a potion of flight {unknown}
 i - a potion of mutation {unknown}
 j - a potion of cancellation {unknown}
 l - a potion of lignification {unknown}
 m - a potion of resistance {unknown}
 p - a potion of ambrosia {unknown}
 q - a potion of invisibility {unknown}


   Skills:
 + Level 2.2 Fighting
 + Level 3.7 Staves
 + Level 2.1 Throwing
 + Level 1.7 Armour
 + Level 3.0 Dodging


You had 3 spell levels left.
You didn't know any spells.
Your spell library contained the following spells:

 Spells                   Type           Power      Damage    Failure   Level
 Lesser Beckoning         Tloc           0%         N/A       75%         2
 Gell's Gravitas          Tloc           0%         N/A       92%         3
 Teleport Other           Tloc           0%         N/A       92%         3
 Ice Form                 Ice/Tmut       0%         N/A       100%        4
 Metabolic Englaciation   Hex/Ice        0%         N/A       100%        5
 Simulacrum               Ice/Necr       0%         N/A       100%        6


Dungeon Overview and Level Annotations

Branches:
Dungeon (3/15)

Altars:


Innate Abilities, Weirdness & Mutations

You have large cloven feet.
You regenerate a little health from kills.


Message History

An iguana is nearby!
An iguana is nearby!
An iguana is nearby!
An endoplasm comes into view.
Found a leather armour and a scroll labelled XUON ZUXEOS.
The iguana closely misses you.
You hit the iguana. You kick the iguana, but do no damage.
The iguana is moderately wounded.
The iguana closely misses you.
You hit the iguana but do no damage.
The iguana is moderately wounded.
The iguana barely misses you.
You barely miss the iguana. You kick the iguana, but do no damage.
The iguana is moderately wounded.
The iguana barely misses you.
You closely miss the iguana.
The iguana is moderately wounded.
The endoplasm completely misses you. The iguana bites you.
You barely miss the iguana. You kick the iguana.
The iguana is heavily wounded.
The iguana closely misses you. The endoplasm misses you.
You hit the iguana but do no damage.
The iguana is heavily wounded.
The iguana bites you. The endoplasm freezes you.
You are frozen.
You hit the iguana.
The iguana is severely wounded.
The endoplasm freezes you.
You are frozen.
The iguana barely misses you. The iguana bites you. The endoplasm freezes you.
You are frozen.
You hit the iguana. You kick the iguana, but do no damage.
The iguana is severely wounded.
The iguana misses you. The endoplasm freezes you.
You are frozen.
* * * LOW HITPOINT WARNING * * *
The iguana attacks as you move away! The iguana bites you!
You die...

#...##.#.# #.# ###.##.#.## #.#
####
#.#.....#############.#####...
#.............#..........##.##
#....########.......^.........
#....# ###.##....##.##.#.
#....# #.##.#####.##.#.
#....##########.##.# #.##.#.
........[..(.l@...#.# #.##.#.
.......###....J....#.#
##.##.## #####...#
#.........#.# ......# #...#
#.........#.# ##..[##
...........#.# #......
....?......#.##<##......
##.......... #......###
#.....?...## #.###..# #..#


You could see an iguana and an endoplasm.

Vanquished Creatures
  4 gnolls (D:2)
  A worm (D:2)
  A dart slug (D:2)
  6 ball pythons
  9 bats
  4 endoplasms
  5 goblins
  3 hobgoblins
  3 jackals (D:3)
  7 kobolds
  A quokka (D:3)
  2 frilled lizards (D:1)
  3 rats (D:1)
49 creatures vanquished.

Notes
Turn   | Place    | Note
-------+----------+-------------------------------------------
     0 | D:1      | boopmooplesden the Demonspawn Gladiator began the quest for
                  | the Orb.
     0 | D:1      | Reached XP level 1. HP: 16/16 MP: 1/1
   176 | D:1      | Gained mutation: You have large cloven feet. [demonic
                  | ancestry]
   176 | D:1      | Reached XP level 2. HP: 22/22 MP: 2/2
   835 | D:2      | Got the Book of Hail
   841 | D:2      | Reached XP level 3. HP: 25/27 MP: 3/3
   952 | D:2      | Reached skill level 1 in Armour
   963 | D:2      | Gained mutation: You regenerate a little health from kills.
                  | [demonic ancestry]
   963 | D:2      | Reached XP level 4. HP: 28/33 MP: 4/4
  1172 | D:2      | Identified the +1 mace of Ignis's Fury {spect, rF+ MP+9}
  1700 | D:3      | Slain by an iguana

Illustrated notes

Levels and vault maps discovered:
D:1:      amcnicky_arrival_feature_with_door, layout_loops_ring,
          grunt_decor_one_mirror
D:2:      layout_rooms, dk_vineyard_2, kennysheep_generic_room_4
D:3:      layout_loops_ring

Skill      XL: |  1  2  3 |
---------------+----------+-----
Throwing       | 2 |  2.1
Staves         | 3 |  3.7
Dodging        | 3 |  3.0
Armour         | 1 |  1.7
Fighting       | |  2.2

Action                     |  1- 3 |  4- 6 || total
---------------------------+-------+-------++-------
  Melee: Quarterstaff      |    72 |    39 ||   111
         Kick              |    12 |    10 ||    22
  Throw: Throwing net      |     3 |       ||     3
    Use: Scroll            |     1 |     2 ||     3
 Armour: Ring mail         |    33 |    11 ||    44
         Leather armour    |     1 |       ||     1
  Dodge: Dodged            |    56 |    33 ||    89
